 Dungeon Crawl Stone Soup version 0.27.1-37-g7b29ead8ac (webtiles) character file.

Game seed: 3566285007617838611

44 cbfl8 the Covered (level 3, -6/33 HPs)
             Began as a Minotaur Fighter on Apr 27, 2023.
             Was a Follower of Makhleb.
             Killed from afar by Natasha (8 damage)
             ... with a magic dart
             ... on level 2 of the Dungeon.
             The game lasted 00:01:34 (1669 turns).

cbfl8 the Covered (Minotaur Fighter)                Turns: 1669, Time: 00:01:35

Health: -6/33      AC:  7    Str: 20    XL:     3   Next: 39%
Magic:  1/1        EV:  7    Int:  5    God:    Makhleb [*.....]
Gold:   48         SH:  9    Dex:  8    Spells: 2/2 levels left

rFire    . . .     SeeInvis .   a - +0 war axe
rCold    . . .     Faith    .   c - +0 kite shield
rNeg     . . .     Spirit   .   b - +0 scale mail
rPois    +         Reflect  .   (helmet restricted)
rElec    .         Harm     .   (no cloak)
rCorr    .         Rampage  .   (no gloves)
Will     .....                  (no boots)
Stlth    ..........             (no amulet)
HPRegen  0.11/turn              e - ring of poison resistance
MPRegen  0.07/turn              (no ring)

@: very slightly contaminated, slowed, invisible, very slow
A: horns 2, retaliatory headbutt, talons 1, clumsy 1, low mp 1
a: Renounce Religion


You were on level 2 of the Dungeon.
You worshipped Makhleb.
Makhleb was aware of your devotion.
You visited 1 branch of the dungeon, and saw 2 of its levels.

You collected 48 gold pieces.

Inventory:

Hand Weapons
 a - a +0 war axe (weapon)
Armour
 b - a +0 scale mail (worn)
 c - a +0 kite shield (worn)
Jewellery
 e - a ring of poison resistance (left hand)
Wands
 k - a wand of paralysis (9)
Scrolls
 f - a scroll of immolation {unknown}
 g - a scroll of enchant armour {unknown}
 i - 2 scrolls of enchant weapon {unknown}
 l - 2 scrolls of teleportation {unknown}
 n - a scroll of identify {unknown}
Potions
 d - a potion of might
 m - a potion of flight {unknown}


   Skills:
 * Level 4.0 Fighting
 + Level 2.6 Axes
 + Level 4.1 Armour
 * Level 0.4 Dodging
 * Level 0.2 Stealth
 + Level 4.1 Shields
 * Level 0.4 Invocations
 * Level 0.2 Evocations


You had 2 spell levels left.
You didn't know any spells.
Your spell library contained the following spells:

 Spells                   Type           Power      Damage    Failure   Level
 Foxfire                  Conj/Fire      0%         2x1d4     99%         1
 Conjure Flame            Conj/Fire      0%         6-21      100%        3
 Inner Flame              Hex/Fire       0%         N/A       100%        3


Dungeon Overview and Level Annotations

Branches:
Dungeon (2/15)

Altars:
Makhleb

Shops:
D:2 [

Annotations:
D:2 Natasha


Innate Abilities, Weirdness & Mutations

You have a pair of horns on your head.
You reflexively headbutt those who attack you in melee.
You have sharp toenails.
You are clumsy. (Dex -2)
Your magical capacity is low. (-10% MP)


Message History

Unknown command.
You closely miss Natasha.
Natasha is severely wounded.
Natasha claws you but does no damage. Natasha barely misses you.
You furiously retaliate!
You headbutt Natasha. You block Natasha's attack.
Unknown command.
You closely miss Natasha.
Natasha is almost dead.
Natasha claws you! Natasha casts a spell at you. The magic dart hits you.
You closely miss Natasha.
Natasha is almost dead.
You block Natasha's attack.
Natasha casts a spell.
You hit Natasha but do no damage.
Natasha is almost dead.
You hit the white imp but do no damage. You block Natasha's attack.
The white imp hits you but does no damage.
Natasha claws you but does no damage. The white imp gestures at you.
The puff of frost hits you!
* * * LOW HITPOINT WARNING * * *
Natasha claws you!
* * * LOW HITPOINT WARNING * * *
It was a potion of invisibility.
You fade into invisibility!
The white imp closely misses you.
Natasha mumbles some strange words.
You are very lightly contaminated with residual magic.
It was a potion of mutation.
You feel extremely strange.
You feel clumsy.
Your toenails lengthen and sharpen.
You feel less energetic.
The white imp shouts!
The white imp gestures at the white imp.
The puff of frost hits the white imp.
The white imp resists.
Natasha howls an incantation.
You feel disoriented.
Natasha stares at you and mumbles some strange words.
The magic dart hits you!
You die...

###...###########...####<........
#....# #..## ##.......# ##..#.#
#.## ##.....## #...#.# ##.#
##...## #..##.# #..# ##+##
#.....# #.## #.# #.##### #.# #.#
## #.# #h# ##.###. #.# ###@#####
##...##. #.# #.55....# #.......
#.# #.#.###.# ##....#. #.#
#.#.###.#### ##.#.#. ..#
#.#........####.#.#. ###
#.#####.##..........
#.#####.#######.#.## ######
#.......# #.#.##
.....################# #.#...


You could see Natasha and 2 white imps.

Vanquished Creatures
  Natasha (D:2)
  3 bats (D:1)
  An endoplasm (D:1)
  A hobgoblin (D:2)
  2 quokkas (D:1)
  2 ball pythons
  5 goblins
  2 kobolds
  A rat (D:1)
18 creatures vanquished.

Notes
Turn   | Place    | Note
-------+----------+-------------------------------------------
     0 | D:1      | cbfl8 the Minotaur Fighter began the quest for the Orb.
     0 | D:1      | Reached XP level 1. HP: 19/19 MP: 0/0
    73 | D:1      | Found a faded altar of an unknown god.
   188 | D:1      | Became a worshipper of Makhleb the Destroyer
   188 | D:1      | Reached * piety under Makhleb
   260 | D:1      | Reached XP level 2. HP: 27/27 MP: 1/1
   850 | D:2      | Noticed Natasha
   857 | D:2      | Killed Natasha
   858 | D:2      | Reached XP level 3. HP: 28/33 MP: 2/2
  1001 | D:2      | Found Mudaludd's Armour Shoppe.
  1658 | D:2      | Noticed Natasha
  1667 | D:2      | HP: 1/33 [Natasha (7)]
  1669 | D:2      | Gained mutation: You are clumsy. (Dex -2) [potion of
                  | mutation]
  1669 | D:2      | Gained mutation: You have sharp toenails. [potion of
                  | mutation]
  1669 | D:2      | Gained mutation: Your magical capacity is low. (-10% MP)
                  | [potion of mutation]
  1669 | D:2      | Killed from afar by Natasha

Illustrated notes

Levels and vault maps discovered:
D:1:      amcnicky_arrival_single_pillar, layout_loops_ring,
          ebering_ecumenical_altar_mist
D:2:      layout_loops_corners, serial_shops, shop, uniq_natasha

Skill      XL: |  1  2 |
---------------+-------+-----
Shields        | 4 |  4.1
Armour         | 4 |  4.1
Fighting       | 4 |  4.0
Axes           | |  2.6
Dodging        | |  0.4
Stealth        | |  0.2
Invocations    | |  0.4
Evocations     | |  0.2

Action                   || total
-------------------------++-------
Melee: War axe           ||    48
       Headbutt          ||     7
  Use: Potion            ||     2
Armor: Scale mail        ||    29
Dodge: Dodged            ||    24
Block: Kite shield       ||    37
